Map: Ice and Chrome LE

Players

Reynor - Winner!

  • Race: Zerg Zerg
  • League: Master
  • Spawn Location: 7:00

TYTY (TY)

  • Race: Terran Terran
  • League: Master
  • Spawn Location: 1:00

Event: DreamHack SC2 Masters 2020 Fall

VOD

Have the link to the VOD?

Description

Time

  • Played on: Sept. 19, 2020, 12:39 p.m.
  • Length: 9:47

All games in this series

Show
View Real Time Build Order
Export as new Build Order

Reynor Zerg - Winner!

Build Orders: Hatch First 

Get SALT Encoding   

  12  0:00  Drone  
  13  0:12  Overlord  
  13  0:16  Drone  
  14  0:30  Drone x2  
  16  0:48  Hatchery  
  15  0:51  Drone  
  15  0:55  Drone  
  17  0:58  Drone  
  18  1:09  Extractor  
  17  1:15  Spawning Pool  
  17  1:18  Drone  
  17  1:21  Drone  
  18  1:27  Drone  
  19  1:39  Drone  
  20  1:50  Overlord  
  20  2:01  Queen x2  
  20  2:02  Zergling x4  
  26  2:11  Drone x2  
  28  2:21  Drone x2  
  30  2:30  Hatchery  
  30  2:33  Drone  
  30  2:36  Drone  
  31  2:41  Metabolic Boost  
  31  2:47  Queen  
  33  2:51  Drone  
  33  2:55  Overlord  
  33  2:58  Drone  
  35  2:59  Drone  
  36  3:13  Drone x5  
  36  3:18  Pneumatized Carapace  
  41  3:21  Overlord  
  41  3:25  Queen  
  43  3:28  Drone  
  44  3:41  Drone  
  45  3:42  Drone x3, Overlord  
  45  3:45  Queen  
  50  3:50  Overlord  
  50  3:52  Drone x3  
  50  3:55  Zergling x4  
  55  3:59  Drone  
  55  4:02  Zergling x6  
  58  4:06  Drone  
  59  4:10  Overlord  
  59  4:14  Drone x3  
  62  4:17  Drone x2  
  62  4:23  Drone  
  64  4:26  Drone x2  
  64  4:28  Queen  
  64  4:29  Extractor  
  64  4:30  Extractor  
  64  4:31  Roach Warren  
  65  4:34  Drone  
  65  4:36  Drone  
  65  4:37  Drone  
  68  4:43  Overlord  
  68  4:46  Drone x3, Evolution Chamber  
  68  4:47  Lair  
  68  4:48  Spore Crawler  
  68  4:51  Drone  
  68  4:54  Overlord  
  68  5:01  Drone x5, Spore Crawler  
  68  5:03  Drone x3  
  75  5:07  Drone  
  75  5:12  Roach  
  78  5:15  Roach x4  
  78  5:18  Overlord  
  84  5:27  Roach x2  
  83  5:29  Drone x2  
  83  5:30  Drone  
  83  5:32  Overlord  
  83  5:33  Drone x3  
  83  5:35  Drone  
  87  5:39  Drone  
  87  5:42  Drone  
  89  5:46  Drone  
  89  5:49  Drone, Extractor  
  90  5:50  Extractor  
  90  5:51  Glial Reconstitution  
  90  5:52  Zerg Missile Weapons Level 1  
  90  5:56  Evolution Chamber  
  88  5:57  Drone x3  
  88  6:00  Drone x2, Extractor  
  92  6:05  Overlord  
  92  6:13  Drone x3  
  92  6:15  Drone x2  
  97  6:19  Drone x3  
  100  6:29  Overlord  
  100  6:30  Hatchery  
  99  6:33  Zerg Ground Armor Level 1  
  99  6:36  Roach x7  
  99  6:37  Overseer  
  99  6:38  Overseer  
  115  6:40  Roach  
  115  6:46  Roach x3  
  121  6:47  Overlord  
  121  6:50  Roach x2  
  121  6:51  Roach  
  127  6:54  Roach  
  127  6:57  Overlord  
  129  7:02  Overlord  
  129  7:08  Roach x4  
  137  7:10  Overlord  
  137  7:16  Overlord  
  137  7:19  Roach x4  
  137  7:21  Overlord  
  145  7:23  Ravager x5  
  145  7:24  Roach x2  
  155  7:30  Ravager, Overlord  
  155  7:34  Roach x3  
  155  7:35  Roach  
  163  7:37  Roach x2  
  163  7:38  Roach  
  163  7:39  Zergling x6  
  163  7:40  Zergling x2  
  163  7:42  Roach x2  
  177  7:46  Overlord  
  177  7:52  Roach x2  
  177  7:55  Roach  
  177  7:56  Ravager x2  
  185  7:59  Roach  
  185  8:01  Roach  
  185  8:02  Roach  
  185  8:04  Zergling x2  
  192  8:05  Overlord  
  192  8:11  Roach x7  
  195  8:13  Roach x2  
  195  8:17  Roach  
  195  8:18  Roach  
  180  8:22  Roach  
  180  8:24  Roach  
  180  8:25  Roach  
  158  8:28  Roach  
  158  8:31  Queen  
  158  8:32  Roach  
  158  8:33  Extractor, Roach x3  
  161  8:35  Roach  
  161  8:36  Roach x2, Zergling x4  
  162  8:43  Roach x3, Zergling x2  
  162  8:45  Roach  
  167  8:51  Roach x2  
  167  8:57  Roach x4  
  167  9:02  Ravager x2  
  167  9:04  Roach x4, Zergling x4  
  172  9:12  Roach x3, Zergling x6  
  172  9:14  Roach  
  170  9:19  Roach, Zergling x4  
  174  9:24  Roach  
  174  9:28  Roach  
Show
View Real Time Build Order
Export as new Build Order

TYTY Terran 

Build Orders: 2 Factory, Hellion Opening, Reaper Expand 

Get SALT Encoding   

  12  0:00  SCV  
  13  0:12  SCV  
  14  0:19  Supply Depot  
  14  0:24  SCV  
  15  0:40  SCV  
  15  0:42  Barracks  
  16  0:44  Refinery  
  16  0:52  SCV  
  17  1:05  SCV  
  18  1:17  SCV  
  19  1:29  Orbital Command, Reaper  
  20  1:38  Command Center  
  20  1:47  Supply Depot  
  20  1:55  SCV  
  20  2:01  Marine  
  22  2:04  Factory  
  22  2:07  SCV  
  23  2:19  SCV  
  23  2:22  Barracks Reactor  
  24  2:31  SCV  
  25  2:38  Command Center  
  25  2:43  SCV  
  26  2:51  Orbital Command  
  27  3:00  Factory  
  27  3:03  Hellion  
  28  3:06  Hellion  
  28  3:08  SCV  
  28  3:12  Barracks Tech Lab  
  31  3:17  SCV  
  32  3:20  SCV  
  32  3:24  Hellion  
  35  3:28  Hellion  
  35  3:29  SCV  
  35  3:32  SCV  
  39  3:41  SCV, Supply Depot  
  39  3:44  SCV  
  39  3:45  Hellion  
  43  3:49  Hellion  
  43  3:50  Infernal Pre-Igniter  
  43  3:52  Hellion  
  43  3:53  SCV  
  48  3:58  Orbital Command  
  48  3:59  SCV  
  49  4:05  SCV  
  49  4:07  Hellion  
  51  4:11  Hellion, SCV  
  51  4:13  Marine  
  55  4:18  SCV  
  55  4:23  SCV  
  53  4:26  SCV  
  53  4:28  Refinery  
  53  4:29  Hellion, Refinery  
  53  4:30  SCV  
  55  4:31  Hellion  
  55  4:33  Barracks Tech Lab  
  55  4:35  SCV  
  55  4:36  Hellion  
  58  4:38  SCV  
  58  4:43  SCV  
  60  4:47  SCV, Refinery  
  60  4:50  Hellion  
  65  4:52  Hellion  
  65  4:54  SCV  
  65  4:57  Stimpack  
  65  4:59  Supply Depot  
  66  5:00  Supply Depot  
  66  5:01  SCV x2  
  66  5:06  Engineering Bay  
  68  5:07  Engineering Bay, SCV  
  69  5:16  Armory  
  69  5:20  Marine  
  69  5:21  SCV x2  
  76  5:26  SCV  
  77  5:30  Orbital Command  
  77  5:33  Siege Tank, SCV  
  79  5:37  Terran Infantry Armor Level 1, Terran Infantry Weapons Level 1  
  79  5:38  SCV, Marine  
  79  5:41  Barracks  
  77  5:45  SCV  
  77  5:46  Factory Tech Lab  
  77  5:47  Barracks  
  77  5:48  Barracks  
  78  5:50  SCV  
  81  5:57  SCV x2  
  81  6:02  Barracks, SCV  
  83  6:07  Siege Tank  
  83  6:09  Supply Depot  
  83  6:10  Supply Depot  
  85  6:16  SCV x2  
  85  6:18  Marine  
  84  6:23  Siege Tank  
  85  6:26  Starport  
  85  6:27  Supply Depot  
  85  6:28  Supply Depot  
  85  6:30  SCV x3  
  88  6:33  Supply Depot  
  88  6:38  Barracks Reactor x2  
  88  6:41  Refinery  
  88  6:42  SCV x2, Refinery  
  88  6:45  SCV  
  91  6:48  Missile Turret  
  91  6:50  Command Center, Marine  
  91  6:53  Marine, Barracks Reactor  
  91  6:54  Marine  
  93  6:55  Combat Shield  
  93  6:58  SCV x3  
  97  7:03  Starport Reactor  
  97  7:09  Marine  
  97  7:10  SCV x2  
  97  7:11  Marine  
  97  7:13  SCV  
  108  7:22  SCV x2  
  108  7:25  SCV  
  108  7:26  Supply Depot  
  108  7:27  Supply Depot  
  109  7:30  Marine x3  
  109  7:31  Marine x5  
  109  7:34  SCV x2  
  120  7:37  Sensor Tower  
  120  7:38  SCV  
  120  7:39  Medivac x2  
  120  7:40  Marine  
  119  7:46  SCV  
  119  7:48  Supply Depot, Marine x2  
  119  7:49  Supply Depot  
  122  7:51  Marine x3  
  122  7:52  Marine x2  
  122  7:54  Siege Tank  
  130  8:01  Siege Tank  
  130  8:02  Marine  
  130  8:03  Bunker, Marine  
  135  8:06  Marine  
  135  8:12  SCV x2  
  123  8:19  Marine x2  
  101  8:22  Marine x2  
  101  8:23  Marine x2  
  101  8:24  Marine x2  
  101  8:25  Marine  
  92  8:29  SCV  
  81  8:37  Marine x2  
  81  8:40  Marine x2  
  81  8:41  Marine x2  
  79  8:42  Marine x2  
  79  8:43  Marine  
  79  8:45  Siege Tank  
  78  8:53  SCV x2  
  78  8:55  Marine x2  
  74  8:58  Marine x3  
  74  8:59  Marine  
  74  9:00  Marine x2  
  74  9:01  Marine  
  73  9:06  SCV x2  
  72  9:12  Medivac  
  72  9:13  Marine x2  
  72  9:16  Marine x4  
  74  9:18  Marine  

Tags
 
Add a new tag
Caveats
  • Supply blocks, unpowered buildings, or Contaminate may cause inaccurate times.
  • Supply counts are checked every 10 seconds.